 Dungeon Crawl Stone Soup version 0.28.0-53-g5a82cb258f (webtiles) character file.

Game seed: 15686520216037478958

13295 ChickenMitten the Ogre Mage (level 12, -46/122 HPs)
             Began as an Ogre Conjurer on Aug 6, 2022.
             Was a High Priest of Cheibriados.
             Annihilated by a boulder beetle (53 damage)
             ... on level 11 of the Dungeon on Aug 7, 2022.
             The game lasted 00:37:38 (14697 turns).

ChickenMitten the Ogre Mage (Ogre Conjurer)        Turns: 14697, Time: 00:37:41

Health: -46/122    AC:  7    Str: 33    XL:     12   Next: 4%
Magic:  10/29      EV: 11    Int: 36    God:    Cheibriados [*****.]
Gold:   491        SH:  0    Dex: 26    Spells: 27/38 levels left

rFire   . . .      SeeInvis .   p - staff of conjuration
rCold   . . .      Faith    .   (no shield)
rNeg    . . .      Spirit   .   C - +2 robe {Will+}
rPois   .          Reflect  .   (helmet restricted)
rElec   .          Harm     .   g - +1 cloak
rCorr   .          Rampage  .   (gloves unavailable)
Will    ++...                   (boots unavailable)
Stlth   ++........              (no amulet)
HPRegen 0.30/turn               v - +6 ring of strength
MPRegen 0.21/turn               y - +6 ring of dexterity

@: very slow
A: large, unfitting armour, tough skin 1
a: Renounce Religion, Bend Time, Temporal Distortion, Slouch, Step From Time


You were on level 11 of the Dungeon.
You worshipped Cheibriados.
Cheibriados was extremely pleased with you.
You visited 1 branch of the dungeon, and saw 11 of its levels.

You collected 491 gold pieces.

Inventory:

Hand Weapons
 c - a +3 dagger of protection
Armour
 a - a +0 robe
 g - a +1 cloak (worn)
 q - +0 steam dragon scales
 B - a +2 pair of gloves
 C - a +2 robe of willpower (worn)
Magical Staves
 d - a staff of earth
 p - a staff of conjuration (weapon)
Jewellery
 r - a ring of fire
 v - a +6 ring of strength (left hand)
 y - a +6 ring of dexterity (right hand)
 F - a ring of see invisible
Wands
 f - a wand of flame (4)
 h - a wand of paralysis (13)
 u - a wand of digging (5)
Scrolls
 e - 2 scrolls of enchant weapon
 i - 3 scrolls of noise
 j - 2 scrolls of enchant armour
 o - 2 scrolls of identify
 s - 2 scrolls of amnesia
 t - 2 scrolls of silence
 A - a scroll of holy word
 E - 2 scrolls of magic mapping
 J - a scroll of immolation {unknown}
Potions
 b - 4 potions of curing
 k - a potion of attraction
 l - 2 potions of degeneration
 m - a potion of berserk rage
 n - a potion of lignification
 x - a potion of might
 z - a potion of invisibility {unknown}
 D - a potion of mutation {unknown}
 G - a potion of flight
 I - a potion of brilliance {unknown}


   Skills:
 * Level 8.3 Fighting
 + Level 2.5 Dodging
 - Level 1.4 Stealth
 * Level 13.9 Spellcasting
 * Level 11.2 Conjurations
 - Level 1.6 Necromancy
 - Level 4.0 Translocations
 - Level 0.1 Evocations


You had 27 spell levels left.
You knew the following spells:

 Your Spells              Type           Power      Damage    Failure   Level
a - Magic Dart            Conj           100%       1d8       0%          1
b - Searing Ray           Conj           100%       2d8       1%          2
c - Iskenderun's Mystic   Conj/Tloc      88%        2d17      1%          4
d - Sublimation of Blood  Necr           37%        N/A       1%          2
e - Wereblood             Tmut           25%        N/A       2%          2

Your spell library contained the following spells:

 Spells                   Type           Power      Damage    Failure   Level
 Dazzling Flash           Conj/Hex       100%       N/A       1%          3
 Fulminant Prism          Conj/Hex       39%        3d18      1%          4
 Lee's Rapid Deconstruct  Erth           12%        3d10*     41%         5
 Summon Hydra             Summ           12%        N/A       100%        7


Dungeon Overview and Level Annotations

Branches:
Dungeon (11/15)            Temple (0/1) D:7            Lair (0/6) D:11
    Orc (0/2) D:10

Altars:
Cheibriados
Fedhas
Hepliaklqana
Nemelex Xobeh
Ru
Uskayaw
Vehumet
The Shining One

Shops:
D:8 **

Annotations:
D:3 1 runed translucent door, zoefcunningham's ghost, amateur MiBe
D:10 Urug


Innate Abilities, Weirdness & Mutations

You are too large for most types of armour.
You have tough skin. (AC +1)


Message History

The boulder beetle bites you!
* * * LOW HITPOINT WARNING * * *
The boulder beetle leaps!
Aiming: Magic Dart (safe; 0% risk of failure)
Press: ? - help, Q - select action, (/) - cycle Shift-Dir - straight line, f/p - boulder beetle
Aim: a boulder beetle (almost dead, 100% to hit)
Okay, then.
Throw: 2 large rocks
Press: ? - help, Shift-Dir - straight line, f/p - boulder beetle
Aim: a boulder beetle (almost dead, 91% to hit)
You throw a large rock. The large rock hits the boulder beetle.
The boulder beetle is almost dead.
The boulder beetle leaps!
Okay, then.
Casting: Magic Dart (safe; 0% risk of failure)
Confirm with . or Enter, or press ? or * to list all spells.
Okay, then.
Casting: Magic Dart (safe; 0% risk of failure)
Confirm with . or Enter, or press ? or * to list all spells.
You draw magical energy from your own body!
Casting: Sublimation of Blood (safe; 1% risk of failure)
Confirm with . or Enter, or press ? or * to list all spells.
You draw magical energy from your own body!
Casting: Sublimation of Blood (safe; 1% risk of failure)
Confirm with . or Enter, or press ? or * to list all spells.
You draw magical energy from your own body!
You feel better.
The boulder beetle curls into a ball and begins rolling!
Throw: large rock
Press: ? - help, Shift-Dir - straight line, f/p - boulder beetle
Aim: a boulder beetle (severely wounded, rolling, 91% to hit)
You throw a large rock. The large rock hits the boulder beetle!
The boulder beetle is almost dead.
Casting: Sublimation of Blood (safe; 1% risk of failure)
Confirm with . or Enter, or press ? or * to list all spells.
You feel a surge of power!
You erupt in a blast of force!
The mystic blast hits the boulder beetle but does no damage.
The boulder beetle is almost dead.
The boulder beetle hits you!!!
You die...

#.# # #.# #.#
#.####.###.#
#.#
#....(.....#
..#
######(###.#
..#
##########.###
..#
#............#
#
#.########○#.#
. #.# #B#.# #
#####.# #@..#
###...#.# ##(.#
....#.#.#######
#.(#
...#..#.......#
#..#
##.#..........#
#..#
##.#..#...(...#
#..# #
##.#..#.#<#+###
##.#.#
##.#..#.#.#.#
#...#
.#.#..#.#...#
#.°......


You could see a boulder beetle (rolling).

Vanquished Creatures
  Erolcha (D:9)
  Erica (D:9)
  4 two-headed ogres (D:11)
  Nergalle (D:10)
  3 cyclopes
  A manticore (D:11)
  2 centaur zombies (D:10)
  4 elephants (D:8)
  A vampire (D:11)
  2 wyverns
  3 yaks
  4 vampire mosquitoes (D:11)
  3 steam dragons
  An acid dragon (D:9)
  4 water moccasins
  4 orc warriors
  5 ice beasts
  5 sky beasts
  A black bear (D:6)
  2 necrophages
  6 centaurs
  A kobold brigand (D:9)
  2 bullfrogs
  2 scorpions
  A water moccasin zombie (D:3)
  4 killer bees (D:10)
  5 howler monkeys
  4 hounds
  An orc priest (D:9)
  2 jellies
  A bullfrog skeleton (D:7)
  2 centaur skeletons
  A gnoll shaman (D:6)
  3 iguanas
  6 orc wizards
  12 adders
  3 gnolls (D:6)
  2 worms
  2 dart slugs
  16 orcs
  7 ball pythons
  6 endoplasms
  A giant cockroach (D:1)
  6 goblins
  4 hobgoblins
  6 jackals
  7 quokkas
  3 bats
  3 frilled lizards
  A goblin zombie (D:5)
  11 kobolds
  8 rats
  A rat zombie (D:5)
192 creatures vanquished.

Vanquished Creatures (others)
  An orc (D:8)
  41 plants
42 creatures vanquished.

Grand Total: 234 creatures vanquished

Notes
Turn   | Place    | Note
-------+----------+-------------------------------------------
     0 | D:1      | ChickenMitten the Ogre Conjurer began the quest for the
                  | Orb.
     0 | D:1      | Reached XP level 1. HP: 16/16 MP: 3/3
   219 | D:1      | Reached XP level 2. HP: 17/26 MP: 0/5
   404 | D:1      | Found a faded altar of an unknown god.
   424 | D:1      | Prayed at the altar of an unknown god.
   424 | D:1      | Became a worshipper of Cheibriados the Contemplative
   424 | D:1      | Reached * piety under Cheibriados
  1158 | D:1      | Reached XP level 3. HP: 32/32 MP: 5/7
  1369 | D:2      | Reached skill level 1 in Fighting
  1412 | D:2      | Reached ** piety under Cheibriados
  1630 | D:2      | Reached skill level 3 in Spellcasting
  1698 | D:2      | Learned a level 2 spell: Searing Ray
  1812 | D:2      | You fall into a shaft and drop 1 floor!
  1814 | D:3      | Reached XP level 4. HP: 41/41 MP: 6/8
  1828 | D:3      | Found a runed translucent door.
  1845 | D:3      | Noticed zoefcunningham's ghost (amateur MiBe)
  2609 | D:3      | Reached *** piety under Cheibriados
  2699 | D:3      | Reached skill level 5 in Conjurations
  2699 | D:3      | Reached XP level 5. HP: 42/49 MP: 0/10
  2935 | D:3      | Reached skill level 4 in Spellcasting
  3379 | D:4      | Noticed a water moccasin
  3385 | D:4      | Killed a water moccasin
  3386 | D:4      | Reached XP level 6. HP: 56/59 MP: 4/12
  3884 | D:4      | Reached skill level 5 in Spellcasting
  3988 | D:4      | Found a hide-covered altar of Uskayaw.
  4125 | D:4      | Found a sparkling altar of Nemelex Xobeh.
  4196 | D:4      | Noticed a necrophage
  4204 | D:4      | Killed a necrophage
  4205 | D:4      | Reached XP level 7. HP: 67/67 MP: 4/15
  4820 | D:5      | Entered Level 5 of the Dungeon
  5093 | D:5      | Reached skill level 6 in Spellcasting
  5235 | D:5      | Learned a level 4 spell: Iskenderun's Mystic Blast
  5428 | D:5      | Found a blossoming altar of Fedhas.
  5451 | D:5      | Reached XP level 8. HP: 78/78 MP: 4/18
  5965 | D:6      | Reached skill level 7 in Spellcasting
  5995 | D:6      | Reached **** piety under Cheibriados
  6869 | D:6      | Reached skill level 8 in Spellcasting
  7059 | D:6      | Reached XP level 9. HP: 57/85 MP: 16/21
  7280 | D:7      | Found a hazy altar of Hepliaklqana.
  7868 | D:7      | Reached skill level 9 in Spellcasting
  7962 | D:7      | Reached skill level 5 in Fighting
  8001 | D:7      | Found a staircase to the Ecumenical Temple.
  8045 | D:7      | Learned a level 2 spell: Sublimation of Blood
  8294 | D:8      | Found Wygoske's General Store.
  8295 | D:8      | Found Seckeph's Specific Store.
  8534 | D:8      | Noticed an elephant
  8541 | D:8      | Killed an elephant
  8542 | D:8      | Reached skill level 10 in Spellcasting
  8542 | D:8      | Reached skill level 1 in Translocations
  8543 | D:8      | Noticed an elephant
  8721 | D:8      | Noticed an elephant
  8734 | D:8      | Killed an elephant
  8735 | D:8      | Reached XP level 10. HP: 51/98 MP: 4/24
  8932 | D:8      | Noticed an elephant
  8978 | D:8      | Killed an elephant
  8979 | D:8      | Reached skill level 1 in Necromancy
  9209 | D:8      | Killed an elephant
  9210 | D:8      | Reached skill level 11 in Spellcasting
  9648 | D:8      | Found a radiant altar of Vehumet.
  9648 | D:8      | Found a sacrificial altar of Ru.
  9660 | D:8      | Reached ***** piety under Cheibriados
 10248 | D:9      | Found a glowing golden altar of the Shining One.
 10948 | D:9      | Noticed Erolcha
 10955 | D:9      | Killed Erolcha
 11388 | D:9      | Noticed a cyclops
 11396 | D:9      | Killed a cyclops
 11397 | D:9      | Reached skill level 12 in Spellcasting
 11835 | D:9      | Reached XP level 11. HP: 109/109 MP: 18/27
 12027 | D:10     | Entered Level 10 of the Dungeon
 12027 | D:10     | Noticed a cyclops
 12264 | D:10     | Reached skill level 10 in Conjurations
 12345 | D:10     | Noticed Nergalle
 12543 | D:10     | Killed Nergalle
 12589 | D:10     | Noticed Erica
 12722 | D:9      | Killed Erica
 12723 | D:9      | Reached skill level 13 in Spellcasting
 12834 | D:10     | Killed a cyclops
 13163 | D:10     | Found a staircase to the Orcish Mines.
 13361 | D:10     | Noticed Urug
 13652 | D:11     | Noticed a two-headed ogre
 13669 | D:11     | Killed a two-headed ogre
 13732 | D:11     | Noticed a cyclops
 13757 | D:11     | Killed a cyclops
 14040 | D:11     | Noticed a manticore
 14049 | D:11     | Killed a manticore
 14057 | D:11     | Noticed a two-headed ogre
 14089 | D:11     | Killed a two-headed ogre
 14178 | D:11     | Noticed a two-headed ogre
 14183 | D:11     | Killed a two-headed ogre
 14482 | D:11     | Noticed a two-headed ogre
 14491 | D:11     | Killed a two-headed ogre
 14492 | D:11     | Reached XP level 12. HP: 122/122 MP: 15/29
 14560 | D:11     | Learned a level 2 spell: Wereblood
 14562 | D:11     | Found a staircase to the Lair.
 14658 | D:11     | Noticed a boulder beetle
 14697 | D:11     | Annihilated by a boulder beetle

Illustrated notes

Levels and vault maps discovered:
D:1:      ebering_trefoil_3fold, layout_basic, chequers_ecumenical_altar_simple
D:2:      layout_basic, minivault_5
D:3:      layout_rooms, ebering_ghost_sewer_d, serial_forest,
          infiniplex_forest_straight_2, infiniplex_forest_clump_large,
          infiniplex_forest_end_1, infiniplex_forest_straight_3,
          infiniplex_forest_clump_large, infiniplex_forest_end_2,
          infiniplex_forest_straight_2, infiniplex_forest_straight_2,
          infiniplex_forest_clump_small
D:4:      layout_layer_cave, mainiacjoe_overflow_alcove_4, lemuel_tele_altar,
          serial_rivers, chequers_serial_rivers_micro_a,
          chequers_serial_rivers_small_a, chequers_serial_rivers_large_b,
          chequers_serial_rivers_marsh, serial_bayou_pond_c
D:5:      layout_rooms, mainiacjoe_overflow_tiny_flanked, enter_ossuary_4
D:6:      layout_basic, st_stairs_5, kennysheep_generic_room_16
D:7:      layout_gridville, kennysheep_mini_moat, minmay_temple_entry_offerings
D:8:      wad_woods_tower, layout_basic, mainiacjoe_overflow_divided_tiny,
          minmay_statues_item, nrook_uturn, nicolae_specific_store,
          kennysheep_generic_room_11
D:9:      layout_grid_maze, kennysheep_mini, uniq_erolcha
D:10:     layout_rooms, ashenzari_conservatory_becter, orc_0_dummy,
          grunt_ministairs_7, grunt_decor_fettered, uniq_nergalle, uniq_urug,
          uniq_erica
D:11:     layout_basic, lair_entry_dummy, minmay_fractal_squares_5

Skill      XL: |  1  2  3  4  5  6  7  8  9 10 11 |
---------------+----------------------------------+-----
Conjurations   | 4 5 6 7 8 9 11 | 11.2
Fighting       | 1 2 3 4 5 7 8 |  8.3
Spellcasting   | 3 4 5 6 8 10 12 13 | 13.9
Translocations | 1 2 4 |  4.0
Necromancy     | 1 |  1.6
Dodging        | 2 |  2.5
Stealth        | |  1.4
Evocations     | |  0.1

Action                   |  1- 3 |  4- 6 |  7- 9 | 10-12 || total
-------------------------+-------+-------+-------+-------++-------
Melee: Unarmed           |    15 |       |       |       ||    15
       Dagger            |     6 |       |       |       ||     6
       Staff             |       |       |       |     3 ||     3
Throw: Large rock        |       |       |       |     5 ||     5
 Cast: Magic Dart        |    65 |    83 |   101 |    89 ||   338
       Searing Ray       |     1 |     8 |    35 |    56 ||   100
       Iskenderun's Myst |       |       |    21 |    54 ||    75
       Sublimation of Bl |       |       |     6 |     5 ||    11
Evoke: Wand              |       |       |       |     2 ||     2
  Use: Scroll            |       |       |    14 |     6 ||    20
       Potion            |       |       |     5 |     2 ||     7
Armor: Robe              |    13 |     5 |    14 |    15 ||    47
       Steam dragon scal |       |       |       |    12 ||    12
Dodge: Dodged            |    32 |    20 |    28 |    60 ||   140
